 Dungeon Crawl Stone Soup version 0.20-a0-622-g01f5896 (webtiles) character file.

511409 Klosterheim the Impregnable (level 24, 0/231 (232) HPs)
             Began as a Minotaur Fighter on Feb 5, 2017.
             Was the Champion of Okawaru.
             Killed by the air
             ... invoked by a titan
              (51 damage)
             ... on level 5 of the Vaults on Feb 9, 2017.
             The game lasted 02:29:12 (55703 turns).

Klosterheim the Impregnable (Minotaur Fighter)     Turns: 55703, Time: 02:29:14

HP:   0/231 (232)   AC: 42    Str: 32    XL:     24   Next: 34%
MP:   32/32         EV: 15    Int:  5    God:    Okawaru [******]
Gold: 1022          SH: 38    Dex: 18    Spells: 23/23 levels left

rFire    + . .     SeeInvis +   U - +9 double sword (slice)
rCold    . . .     Gourm    .   I - +3 crystal plate armour
rNeg     + + +     Faith    .   y - +7 large shield {reflect}
rPois    +         Spirit   .   b - +2 hat
rElec    .         Reflect  +   s - +0 cloak of Xaovajur {rPois Str+3}
rCorr    .         Harm     .   F - +0 pair of gloves of Duet Qar {rF+ rN+++ MR-}
MR       +....                  J - +2 pair of boots {Fly}
Stlth    ..........             r - +5 amulet of reflection
Regen    0.5/turn               p - ring "Kyguresi" {Str+2 Slay+2 SInv}
                                K - ring of protection from magic

@: lethally poisoned (0 -> -1), flying, constricted
A: retaliatory headbutt, horns 2, strong 1
}: 2/15 runes: serpentine, barnacled
a: Heroism, Finesse, Renounce Religion, Stop Flying


You were on level 5 of the Vaults.
You worshipped Okawaru.
Okawaru was exalted by your worship.
You were hungry.

You visited 9 branches of the dungeon, and saw 41 of its levels.
You also visited: Labyrinth, Volcano and Wizlab.

You collected 5209 gold pieces.
You spent 4187 gold pieces at shops.

Inventory:

Hand Weapons
 U - a +9 double sword of slicing (weapon)
Armour
 b - a +2 hat (worn)
 s - the +0 cloak of Xaovajur (worn) {rPois Str+3}
   (Okawaru gifted it to you on level 1 of the Vaults)

   It affects your strength (+3).
   It protects you from poison.
 y - a +7 large shield of reflection (worn)
 F - the +0 pair of gloves of Duet Qar (worn) {rF+ rN+++ MR-}
   (Okawaru gifted it to you on level 4 of the Snake Pit)

   It protects you from fire.
   It renders you almost immune to negative energy.
   It affects your resistance to hostile enchantments.
 I - a +3 crystal plate armour (worn)
 J - a +2 pair of boots of flying (worn)
Jewellery
 c - an uncursed ring of resist corrosion
 p - the ring "Kyguresi" (right hand) {Str+2 Slay+2 SInv}
   (You acquired it on level 4 of the Snake Pit)

   [ring of strength]

   It affects your strength (+2).
   It affects your accuracy and damage with ranged weapons and melee attacks
   (+2).
   It lets you see invisible.
 r - a +5 amulet of reflection (around neck)
 H - an uncursed ring of protection from magic
 K - a ring of protection from magic (left hand)
Wands
 j - a wand of iceblast (6/15)
 l - a wand of random effects (16/48)
 u - a wand of polymorph (18/24)
 v - a wand of digging (9/24)
 Q - a wand of acid (6/15)
Scrolls
 e - 6 scrolls of recharging
 k - 11 scrolls of teleportation
 m - 3 scrolls of magic mapping
 o - 21 scrolls of identify
 q - 14 scrolls of remove curse
 D - 3 scrolls of enchant weapon
 L - 10 scrolls of fear
 M - 2 scrolls of holy word
 S - 9 scrolls of fog
Potions
 h - a potion of might
 i - a potion of invisibility
 n - 9 potions of heal wounds
 t - 4 potions of resistance
 w - 5 potions of cancellation
 A - 2 potions of ambrosia
 B - 6 potions of haste
 C - a potion of agility
 E - 2 potions of berserk rage
 P - 9 potions of curing
 Y - 6 potions of lignification
Books
 a - a book of Burglary

   Spells                             Type                      Level
   a - Swiftness                      Charms/Air                   2
   b - Passwall                       Transmutation/Earth          2
   c - Passage of Golubria            Translocation                4
   d - Lee's Rapid Deconstruction     Earth                        5
   e - Darkness                       Hexes                        6
   f - Invisibility                   Hexes                        6
Miscellaneous
 x - a lightning rod (4/4)
 Z - a lamp of fire
Comestibles
 f - 15 bread rations
 g - 23 royal jellies
 z - 22 meat rations


   Skills:
 * Level 22.2 Fighting
 - Level 15.8 Long Blades
 - Level 23.7 Armour
 + Level 18.2 Dodging
 - Level 4.4 Stealth
 - Level 21.1 Shields
 - Level 11.0 Invocations
 - Level 14.2 Evocations


You had 23 spell levels left.
You didn't know any spells.

Dungeon Overview and Level Annotations

Branches:
Dungeon (15/15)            Temple (0/1) D:4            Lair (6/6) D:9
 Shoals (4/4) Lair:3        Snake (4/4) Lair:2        Slime (0/5) Lair:6
    Orc (2/2) D:12            Elf (0/3) Orc:2        Vaults (5/5) D:14
  Crypt (3/3) Vaults:3       Tomb (1/3) Crypt:3      Depths (1/5) D:15

Altars:
Kikubaaqudgha
Nemelex Xobeh
Okawaru
Ru
Sif Muna
Yredelemnul

Shops:
D:11 [   D:12 (   D:14 *   Orc:1 (   Orc:2 *!%(%   Snake:2 *   Snake:3 ![[}
Snake:4 [   Vaults:2 [   Vaults:4 :

Portals:
Hell: Depths:1
Pandemonium: Depths:1
Trove: D:13 (give +5 demon whip)


Innate Abilities, Weirdness & Mutations

You reflexively headbutt those who attack you in melee.
You have a pair of horns on your head.
Your muscles are strong. (Str +2)


Message History

You riposte.
You slash the orc sorcerer!
You kill the orc sorcerer!
Okawaru accepts your kill.
The hellwing disappears in a puff of smoke!
The sixfirhy disappears in a puff of smoke!
You completely miss the titan. You headbutt the titan.
The titan is severely wounded.
You feel sick.
The titan gestures at you while chanting.
The bolt of lightning hits you!
* * * LOW HITPOINT WARNING * * *
You block the tentacled monstrosity's attack.
The tentacled monstrosity tentacle-slaps you but does no damage.
You block the tentacled monstrosity's attack.
The tentacled monstrosity constricts you.
You slash the titan! You headbutt the titan.
The titan is almost dead.
The titan waves its arms in wide circles.
The air twists around and violently strikes you in flight!
You die...

.# #....# #.#
#....# . #.#
#....###..
#.##........#
#.......(..#
#####..........#
......))§<......
......)@C.<.....
.....(§X<<......
......()........
#####........###
............
....#....#....
..#..#....#....
..#..#....# ...


You could see a tentacled monstrosity and a titan.

Vanquished Creatures
  Khufu (Tomb:1)
  Mara (Vaults:3)
  A greater mummy (Tomb:1)
  Sojobo (Crypt:2)
  Saint Roka (Depths:1)
  A caustic shrike (Depths:1)
  Vashnia (Snake:2)
  A curse toe (Crypt:3)
  The ghost of Geppetto the Warrior, an adept OgGl of Trog (Vaults:4)
  A profane servitor (Crypt:3)
  Nikola (Depths:1)
  3 bone dragons (Crypt:1)
  2 liches
  A tentacled monstrosity (Depths:1)
  An Ice Fiend (WizLab)
  2 sphinxes
  Asterion (Snake:1)
  A kraken (Shoals:1)
  13 ancient champions
  6 revenants
  3 storm dragons
  Donald (Snake:1)
  12 nagarajas
  Roxanne (D:14)
  2 shadow dragons
  5 tengu reavers
  Ilsuiw (Shoals:4)
  3 fire giants (Depths:1)
  5 frost giants
  A cacodemon (WizLab)
  14 vault wardens
  Aizul (Snake:1)
  4 curse skulls
  12 ghouls
  A war gargoyle (Vaults:4)
  3 reapers
  6 stone giants
  14 very ugly things
  14 ironheart preservers
  2 entropy weavers (Lair:5)
  10 vampire knights
  3 deep elf demonologists
  A lorocyproca (WizLab)
  Azrael (Snake:1)
  8 ettins
  3 merfolk javelineers (Shoals:4)
  3 deep elf death magi
  A minotaur (Lab)
  A green death (WizLab)
  9 eidola
  5 fire dragons
  7 merfolk impalers
  9 jiangshi
  A quicksilver dragon zombie (Crypt:3)
  33 vault guards
  7 yaktaur captains
  Erolcha (Orc:1)
  4 great orbs of eyes
  8 ice dragons
  5 rakshasas
  6 hydras
  4 alligator snapping turtles
  3 catoblepae (Lair:6)
  5 merfolk avatars
  8 merfolk aquamancers
  14 naga warriors
  6 anacondas
  An anaconda (shapeshifter) (Vaults:4)
  6 death knights
  11 centaur warriors
  42 two-headed ogres
  6 deep troll shamans
  A tengu warrior (Depths:1)
  5 death scarabs (Tomb:1)
  2 satyrs
  6 death yaks (Lair:6)
  9 vampire magi
  12 naga sharpshooters
  16 ogre magi
  A titan zombie (Crypt:1)
  A queen ant (Lair:5)
  The ghost of junkhipster the Cruncher, a novice DsBe of Trog (D:9)
  11 shock serpents
  7 soul eaters
  3 deep troll earth magi
  13 deep elf knights
  A sun demon (WizLab)
  An iron troll (Depths:1)
  A sixfirhy (Depths:1)
  A golden dragon zombie (Crypt:1)
  A salamander mystic (Snake:2)
  37 skeletal warriors
  3 shadow wraiths
  5 hell knights (Vaults:4)
  An unseen horror (Vaults:1)
  18 deep trolls
  24 sea snakes
  5 flayed ghosts
  A gelid demonspawn (Depths:1)
  6 wizards
  4 naga ritualists
  4 glowing orange brains
  5 deep elf archers
  24 ironbrand convokers
  19 orc knights
  23 harpies
  A wolf spider zombie (Crypt:3)
  2 shadow dragon zombies (Crypt:3)
  7 deep elf magi
  5 necromancers
  A mana viper (shapeshifter) (Vaults:3)
  A sphinx zombie (Crypt:2)
  11 phantasmal warriors
  A shadow dragon skeleton (Crypt:3)
  28 ugly things
  An iron dragon zombie (Crypt:3)
  11 mana vipers
  5 wolf spiders
  2 oklob plants (Lair:2)
  A faun (shapeshifter) (Vaults:1)
  10 salamanders
  5 orc sorcerers
  7 cyclopes
  15 fauns
  13 manticores
  A frost giant zombie (Crypt:3)
  18 elephants
  5 guardian serpents
  13 merfolk sirens
  Maurice (D:9)
  2 iron dragon skeletons
  19 vault sentinels
  24 black mambas
  A frost giant skeleton (Crypt:3)
  5 water nymphs
  A smoke demon (WizLab)
  4 gargoyles
  14 naga magi
  A centaur skeleton (D:15)
  A grey draconian zombie (Crypt:2)
  12 spiny frogs
  A catoblepas zombie (Crypt:3)
  An orange demon (Depths:1)
  A dire elephant skeleton (Crypt:3)
  A white draconian zombie (Crypt:3)
  3 hellions
  A komodo dragon (shapeshifter) (Vaults:1)
  6 komodo dragons
  2 kobold demonologists
  42 yaktaurs
  A yaktaur (shapeshifter) (Vaults:2)
  A tormentor (WizLab)
  An iron troll zombie (Crypt:3)
  2 efreet
  6 freezing wraiths
  A hellwing (Depths:1)
  3 ice devils (WizLab)
  2 tengu conjurers
  A queen bee (shapeshifter) (Vaults:4)
  3 guardian mummies
  29 merfolk
  2 meliai (shapeshifter)
  9 trolls
  2 harpy zombies
  11 wind drakes
  5 bog bodies
  2 hornets
  17 blink frogs
  17 slime creatures
  A hydra skeleton (Crypt:3)
  An ice dragon zombie (Crypt:3)
  A fire giant simulacrum (Vaults:3)
  17 hippogriffs
  11 snapping turtles
  A human simulacrum (Vaults:3)
  An ettin zombie (Crypt:3)
  6 flying skulls
  4 shadows
  2 ice dragon skeletons (Crypt:1)
  2 ynoxinuls (WizLab)
  23 water elementals
  4 wyverns
  8 wraiths
  65 yaks
  4 fire elementals
  3 hogs (D:8)
  A redback (Lab)
  An ushabti (Tomb:1)
  Eustachio (D:5)
  3 vampires
  A yak (shapeshifter) (D:14)
  A black mamba skeleton (Crypt:3)
  2 humans
  A fire bat (shapeshifter) (Depths:1)
  A steam dragon (D:15)
  A basilisk (Lair:5)
  5 hungry ghosts
  A naga (shapeshifter) (D:13)
  11 wargs
  A harpy simulacrum (Crypt:1)
  15 water moccasins
  57 nagas
  5 acid dragons
  9 soldier ants (Lair:5)
  6 hell hounds (Snake:1)
  7 porcupines
  55 orc warriors
  A snapping turtle zombie (Crypt:3)
  8 ice beasts
  A phantom (D:8)
  2 sky beasts
  A black bear (D:11)
  A spiny frog skeleton (Crypt:3)
  4 necrophages
  10 wolves
  13 centaurs
  A swamp dragon skeleton (Crypt:2)
  12 boggarts
  A manticore skeleton (Crypt:3)
  35 ogres
  10 crocodiles
  A snapping turtle skeleton (Crypt:1)
  3 big kobolds
  13 bullfrogs
  A cyclops zombie (Crypt:1)
  A komodo dragon skeleton (Crypt:3)
  A spiny frog simulacrum (Crypt:3)
  A cyclops skeleton (Crypt:3)
  A warg zombie (Crypt:2)
  A wyvern skeleton (D:15)
  4 scorpions
  5 killer bees (D:7)
  2 orc simulacra
  16 wights
  3 howler monkeys (D:14)
  A bullfrog zombie (D:11)
  9 crimson imps
  6 jellies
  3 quasits
  A wolf skeleton (Crypt:2)
  A human zombie (Crypt:3)
  12 orc priests
  9 hounds
  A human skeleton (Crypt:3)
  23 orc wizards
  3 iguanas
  Natasha (thrice) (D:4)
  28 worker ants
  A demigod zombie (Crypt:1)
  An ogre skeleton (Crypt:1)
  18 mummies
  A worker ant zombie (D:7)
  4 gnolls (D:4)
  A howler monkey skeleton (D:5)
  17 adders
  2 shadow imps
  A white imp (D:5)
  2 oozes
  An adder zombie (Crypt:1)
  A lava snake skeleton (Crypt:1)
  An adder skeleton (D:4)
  5 worms
  7 dart slugs
  4 leopard geckos
  98 orcs
  2 ball pythons (D:4)
  A bat skeleton (Crypt:1)
  6 giant cockroaches
  7 goblins
  9 hobgoblins
  13 jackals
  5 quokkas
  A ball python zombie (Crypt:2)
  12 bats
  6 frilled lizards
  A giant cockroach zombie (Crypt:3)
  A goblin skeleton (Crypt:2)
  A hobgoblin skeleton (Crypt:3)
  24 kobolds
  A leopard gecko skeleton (D:4)
  An orc skeleton (Crypt:1)
  9 rats
  A river rat skeleton (Crypt:3)
  2 plants
1932 creatures vanquished.

Vanquished Creatures (collateral kills)
  2 black mambas (Snake:3)
  A guardian serpent (Snake:4)
3 creatures vanquished.

Vanquished Creatures (others)
  2 stone giants
  4 merfolk javelineers
  A yaktaur captain (Vaults:3)
  4 centaur warriors
  2 satyrs (Shoals:4)
  5 naga sharpshooters
  A deep elf knight (Vaults:4)
  A deep troll (Vaults:4)
  A wizard (Vaults:1)
  3 cyclopes
  2 fauns
  24 yaktaurs
  A water elemental (Shoals:1)
  9 orc warriors
  2 necrophages (Crypt:3)
  A centaur (shapeshifter) (Depths:1)
  12 centaurs
  A hound (D:13)
  12 orcs
  A kobold (D:14)
  4 fungi
  10 plants
  4 tentacles (Shoals:1)
107 creatures vanquished.

Grand Total: 2042 creatures vanquished

Notes
Turn   | Place    | Note
-------+----------+-------------------------------------------
     0 | D:1      | Klosterheim the Minotaur Fighter began the quest for the Orb.
     0 | D:1      | Reached XP level 1. HP: 19/19 MP: 0/0
    21 | D:1      | Reached XP level 2. HP: 14/26 MP: 1/1
   317 | D:1      | Reached XP level 3. HP: 30/31 MP: 2/2
   909 | D:2      | Reached skill level 5 in Long Blades
   930 | D:2      | Reached XP level 4. HP: 33/39 MP: 3/3
  1078 | D:2      | Found a deep blue altar of Sif Muna.
  1426 | D:3      | Reached XP level 5. HP: 45/45 MP: 4/4
  1779 | D:3      | Found an iron altar of Okawaru.
  1826 | D:3      | Became a worshipper of Warmaster Okawaru
  2308 | D:4      | Found a staircase to the Ecumenical Temple.
  2391 | D:4      | Noticed Natasha
  2400 | D:4      | Killed Natasha
  2400 | D:4      | Reached XP level 6. HP: 48/51 MP: 5/5
  2598 | D:4      | Noticed Natasha
  2604 | D:4      | Killed Natasha
  2689 | D:4      | Noticed Natasha
  2694 | D:4      | Killed Natasha
  3090 | D:5      | Entered Level 5 of the Dungeon
  3142 | D:5      | Noticed Eustachio
  3155 | D:5      | Killed Eustachio
  3155 | D:5      | Reached * piety under Okawaru
  3155 | D:5      | Reached XP level 7. HP: 50/57 MP: 6/6
  3324 | D:5      | Reached skill level 10 in Long Blades
  4430 | D:6      | Reached XP level 8. HP: 51/64 MP: 7/7
  4515 | D:6      | Reached ** piety under Okawaru
  4714 | D:6      | Noticed a hippogriff
  4726 | D:6      | Killed a hippogriff
  5420 | D:7      | Reached *** piety under Okawaru
  5445 | D:7      | Reached XP level 9. HP: 24/70 MP: 8/8
  6371 | D:7      | Reached skill level 4 in Armour
  6798 | D:8      | Reached **** piety under Okawaru
  6798 | D:8      | Reached skill level 5 in Fighting
  6798 | D:8      | Reached skill level 5 in Armour
  6798 | D:8      | Reached skill level 5 in Shields
  6950 | D:8      | Reached skill level 6 in Armour
  7040 | D:8      | Reached XP level 10. HP: 71/83 MP: 9/9
  7133 | D:8      | Reached ***** piety under Okawaru
  7133 | D:8      | Reached skill level 7 in Armour
  7629 | D:8      | Found a sparkling altar of Nemelex Xobeh.
  7659 | D:8      | Noticed a two-headed ogre
  7705 | D:8      | Killed a two-headed ogre
  7705 | D:8      | Received a gift from Okawaru
  7705 | D:8      | Reached skill level 8 in Armour
  7732 | D:8      | Found a sacrificial altar of Ru.
  8131 | D:8      | Noticed a green ugly thing
  8146 | D:8      | Killed a green ugly thing
  8398 | D:9      | Found a staircase to the Lair.
  8439 | D:9      | Noticed a two-headed ogre
  8447 | D:9      | Killed a two-headed ogre
  8447 | D:9      | Reached skill level 9 in Armour
  8701 | D:9      | Noticed junkhipster's ghost (novice DsBe)
  8726 | D:9      | Killed junkhipster's ghost
  8726 | D:9      | Received a gift from Okawaru
  8726 | D:9      | Reached XP level 11. HP: 87/92 MP: 3/10
  8729 | D:9      | Got a pair of shimmering gloves {god gift}
  8740 | D:9      | Identified the +2 pair of gloves "Gosheargh" {rF- rN+ Dex+2} (Okawaru gifted it to you on level 9 of the Dungeon)
  8810 | D:9      | Noticed Maurice
  8847 | D:9      | Killed Maurice
  8847 | D:9      | Reached skill level 10 in Shields
  9067 | D:10     | Entered Level 10 of the Dungeon
  9070 | D:10     | Reached skill level 10 in Armour
  9246 | D:10     | Noticed a two-headed ogre
  9257 | D:10     | Killed a two-headed ogre
  9840 | D:11     | Found Ykkeodgh's Antique Armour Shop.
  9849 | D:11     | Bought a pair of runed boots for 367 gold pieces
  9936 | D:11     | Noticed a two-headed ogre
  9954 | D:11     | Killed a two-headed ogre
 10068 | D:11     | Found a labyrinth entrance.
 10096 | Lab      | Entered a labyrinth
 10312 | Lab      | Found an exit through the horrors of the Abyss.
 10673 | Lab      | Noticed a minotaur
 10696 | Lab      | Killed a minotaur
 11440 | D:12     | Found Qumunax's Weapon Boutique.
 11442 | D:12     | Found a staircase to the Orcish Mines.
 11515 | D:12     | Noticed a two-headed ogre
 11524 | D:12     | Killed a two-headed ogre
 12004 | D:13     | Noticed a two-headed ogre
 12009 | D:13     | Killed a two-headed ogre
 12009 | D:13     | Reached XP level 12. HP: 88/100 MP: 8/11
 12241 | D:13     | Found a portal to a secret trove of treasure.
 12339 | D:13     | Reached skill level 1 in Dodging
 12568 | D:13     | Noticed a centaur warrior
 12578 | D:13     | Killed a centaur warrior
 12780 | D:13     | Noticed a centaur warrior
 12780 | D:13     | Noticed an eight-headed hydra
 12787 | D:13     | Noticed a storm dragon
 12787 | D:13     | Killed a five-headed hydra
 12787 | D:13     | Reached skill level 5 in Dodging
 12787 | D:13     | Killed a centaur warrior
 12827 | D:13     | Killed a storm dragon
 12883 | D:13     | Reached ****** piety under Okawaru
 12893 | D:13     | Got a bloodstained arbalest
 12965 | D:14     | Found Bosaomp's Bounteous Boutique.
 12980 | D:14     | Reached skill level 1 in Invocations
 12985 | D:14     | Bought a scroll of brand weapon for 240 gold pieces
 13180 | D:14     | Noticed a vault guard
 13353 | D:14     | Noticed a vault guard
 13375 | D:14     | Noticed a vault guard
 13402 | D:14     | Killed a vault guard
 13410 | D:14     | Paralysed by an orc sorcerer for 6 turns
 13458 | D:14     | Killed a vault guard
 13556 | D:14     | Killed a vault guard
 13556 | D:14     | Reached skill level 5 in Invocations
 13556 | D:14     | Reached XP level 13. HP: 111/111 MP: 13/15
 13568 | D:14     | Found a gate to the Vaults.
 13591 | D:14     | Received a gift from Okawaru
 13607 | D:14     | Got a warped double sword {god gift}
 13610 | D:14     | Identified the +1 double sword "Heigh" {elec, rC+ rN+++ Str+2 Dex+2} (Okawaru gifted it to you on level 14 of the Dungeon)
 13916 | D:14     | Noticed Roxanne
 13922 | D:14     | Gained mutation: Your muscles are strong. (Str +2) [potion of beneficial mutation]
 13959 | D:14     | Killed Roxanne
 13960 | D:14     | Identified Roxanne's Disquisition on the Mountains (You took it off Roxanne on level 14 of the Dungeon)
 14323 | Lair:1   | Entered Level 1 of the Lair of Beasts
 14466 | Lair:1   | Reached skill level 10 in Fighting
 15169 | Lair:2   | Received a gift from Okawaru
 15212 | Lair:2   | Reached skill level 15 in Long Blades
 15408 | Lair:2   | Received a gift from Okawaru
 16073 | Lair:2   | Found a staircase to the Snake Pit.
 16648 | Lair:3   | Found a staircase to the Shoals.
 17451 | Lair:4   | Reached XP level 14. HP: 126/126 MP: 17/17
 17686 | Lair:4   | Reached skill level 11 in Armour
 17827 | Lair:4   | Received a gift from Okawaru
 18104 | Lair:5   | Reached skill level 15 in Shields
 18186 | Lair:5   | Noticed an entropy weaver
 18190 | Lair:5   | Noticed an entropy weaver
 18203 | Lair:5   | Killed an entropy weaver
 18228 | Lair:5   | Killed an entropy weaver
 18228 | Lair:5   | Reached skill level 12 in Armour
 18578 | Lair:6   | Entered Level 6 of the Lair of Beasts
 18763 | Lair:5   | Received a gift from Okawaru
 19274 | Lair:6   | Found a staircase to the Slime Pits.
 19350 | Lair:6   | Reached skill level 13 in Armour
 19698 | Lair:6   | Received a gift from Okawaru
 19717 | Lair:6   | Reached XP level 15. HP: 132/132 MP: 18/18
 19729 | Lair:6   | Got a twisted demon blade {god gift}
 19730 | Lair:6   | Identified the +11 demon blade of Chance {venom, Int+3} (Okawaru gifted it to you on level 6 of the Lair of Beasts)
 19804 | Lair:6   | Reached skill level 14 in Armour
 20469 | Orc:1    | Entered Level 1 of the Orcish Mines
 20557 | Orc:1    | Reached skill level 1 in Evocations
 20656 | Orc:1    | Noticed Erolcha
 20663 | Orc:1    | Killed Erolcha
 20981 | Orc:1    | Found Kapsif's Antique Weapon Emporium.
 21033 | Orc:2    | Entered Level 2 of the Orcish Mines
 21186 | Orc:2    | Found a staircase to the Elven Halls.
 21270 | Orc:2    | Found a dark tunnel.
 21283 | Volcano  | Entered a volcano
 21312 | Volcano  | Received a gift from Okawaru
 21789 | Orc:2    | Found Faxuypp's Antique Weapon Emporium.
 21789 | Orc:2    | Found Haoh's Food Boutique.
 21789 | Orc:2    | Found Ygretuv's Distillery.
 21792 | Orc:2    | Found Uwiorutu's Food Shoppe.
 21799 | Orc:2    | Bought a potion of heal wounds for 55 gold pieces
 21799 | Orc:2    | Bought a potion of invisibility for 88 gold pieces
 21833 | Orc:2    | Upgraded the game from 0.20-a0-556-g892c87b to 0.20-a0-622-g01f5896
 22147 | Orc:2    | Found Geneczocs's Assorted Antiques.
 22531 | D:15     | Entered Level 15 of the Dungeon
 22743 | D:15     | Found a staircase to the Depths.
 23300 | D:15     | Reached skill level 15 in Armour
 23720 | Snake:1  | Entered Level 1 of the Snake Pit
 23736 | Snake:1  | Noticed Azrael
 23949 | Snake:1  | Killed Azrael
 23996 | Snake:1  | Noticed Aizul
 24011 | Snake:1  | Killed Aizul
 24636 | Snake:1  | Noticed Asterion
 24647 | Snake:1  | Killed Asterion
 24744 | Snake:1  | Noticed Donald
 24759 | Snake:1  | Killed Donald
 24984 | Snake:1  | Reached XP level 16. HP: 139/139 MP: 21/21
 25256 | Snake:2  | Noticed Vashnia
 25276 | Snake:2  | Killed Vashnia
 25276 | Snake:2  | Received a gift from Okawaru
 25276 | Snake:2  | Reached skill level 5 in Evocations
 25546 | Snake:2  | Found Gaxiesom's Assorted Antiques.
 25556 | Snake:2  | Bought a scroll of blinking for 225 gold pieces
 26296 | Snake:2  | Received a gift from Okawaru
 26919 | Snake:3  | Reached skill level 16 in Armour
 26950 | Snake:3  | Received a gift from Okawaru
 27245 | Snake:3  | Found Betuxal's Armour Shop.
 27246 | Snake:3  | Found Naxt's Gadget Boutique.
 27246 | Snake:3  | Found Fylisiwi's Distillery.
 27251 | Snake:3  | Found Toxoib's Antique Armour Boutique.
 27260 | Snake:3  | Bought a pair of ancient boots for 256 gold pieces
 27263 | Snake:3  | Bought a potion of berserk rage for 95 gold pieces
 27263 | Snake:3  | Bought 2 potions of haste for 380 gold pieces
 27273 | Snake:3  | Identified the +0 pair of boots "Ypevoonu" {rC+} (You bought it in a shop on level 3 of the Snake Pit)
 28017 | Snake:4  | Entered Level 4 of the Snake Pit
 28150 | Snake:4  | Found Gois's Armour Emporium.
 28247 | Snake:4  | Bought a +2 large shield of reflection for 240 gold pieces
 28301 | Snake:4  | Received a gift from Okawaru
 28421 | Snake:4  | Reached XP level 17. HP: 67/150 MP: 11/23
 29123 | Snake:4  | Received a gift from Okawaru
 29188 | Snake:4  | Received a gift from Okawaru
 30223 | Snake:4  | Got a serpentine rune of Zot
 30317 | Snake:4  | Received a gift from Okawaru
 30320 | Snake:4  | Got a pair of brightly glowing gloves {god gift}
 30331 | Snake:4  | Identified the +0 pair of gloves of Duet Qar {rF+ rN+++ MR-} (Okawaru gifted it to you on level 4 of the Snake Pit)
 30343 | Snake:4  | Identified a scroll of acquirement
 30346 | Snake:4  | Got a flickering golden ring
 30348 | Snake:4  | Identified the ring "Kyguresi" {Str+2 Slay+2 SInv} (You acquired it on level 4 of the Snake Pit)
 30887 | Shoals:1 | Entered Level 1 of the Shoals
 31127 | Shoals:1 | Reached skill level 10 in Evocations
 31439 | Shoals:1 | Noticed a kraken
 31452 | Shoals:1 | Killed a kraken
 33029 | Shoals:2 | Reached XP level 18. HP: 157/157 MP: 25/25
 33531 | Shoals:3 | Received a gift from Okawaru
 34476 | Shoals:4 | Entered Level 4 of the Shoals
 34975 | Shoals:4 | Noticed Ilsuiw
 35026 | Shoals:4 | Killed Ilsuiw
 35423 | Shoals:4 | Reached skill level 17 in Armour
 36390 | Shoals:4 | Received a gift from Okawaru
 36432 | Shoals:4 | Got a barnacled rune of Zot
 36793 | Shoals:4 | Reached skill level 15 in Fighting
 37148 | Depths:1 | Entered Level 1 of the Depths
 37161 | Depths:1 | Found a gateway to Hell.
 38495 | Depths:1 | Reached XP level 19. HP: 102/170 MP: 26/26
 38789 | Depths:1 | Reached skill level 18 in Armour
 38789 | Depths:1 | Reached skill level 10 in Dodging
 39059 | Depths:1 | Noticed Saint Roka
 39080 | Depths:1 | Killed Saint Roka
 39080 | Depths:1 | Received a gift from Okawaru
 39328 | Depths:1 | Noticed Nikola
 39343 | Depths:1 | Killed Nikola
 39357 | Depths:1 | Found a one-way gate leading to the halls of Pandemonium.
 39514 | Depths:1 | Noticed a caustic shrike
 39593 | Depths:1 | Killed a caustic shrike
 39951 | Depths:1 | Paralysed by a sphinx for 7 turns
 39963 | Depths:1 | Received a gift from Okawaru
 40482 | Vaults:1 | Entered Level 1 of the Vaults
 40606 | Vaults:1 | Received a gift from Okawaru
 40607 | Vaults:1 | Got a faintly humming cloak {god gift}
 40653 | Vaults:1 | Identified the +0 cloak of Xaovajur {rPois Str+3} (Okawaru gifted it to you on level 1 of the Vaults)
 40754 | Vaults:1 | Reached skill level 19 in Armour
 41235 | Vaults:1 | Reached XP level 20. HP: 178/178 MP: 27/27
 41939 | Vaults:2 | Received a gift from Okawaru
 41954 | Vaults:2 | Reached skill level 15 in Dodging
 41957 | Vaults:2 | Got a dazzling scarf {god gift}
 41968 | Vaults:2 | Identified the scarf of Ladders and Snakes {rPois Str-2 Dex+6} (Okawaru gifted it to you on level 2 of the Vaults)
 42472 | Vaults:2 | Found Lurghuax's Antique Armour Shop.
 42737 | Vaults:2 | Reached skill level 20 in Armour
 43406 | Vaults:2 | Received a gift from Okawaru
 44208 | Vaults:3 | Found a magical portal.
 44224 | WizLab   | Entered Doroklohe's Tomb
 44432 | WizLab   | Reached XP level 21. HP: 134/191 MP: 10/28
 45080 | Vaults:3 | Received a gift from Okawaru
 45195 | Vaults:3 | Noticed Mara
 45214 | Vaults:3 | Killed Mara
 46154 | Vaults:3 | Reached skill level 1 in Stealth
 46358 | Vaults:3 | Found a staircase to the Crypt.
 46468 | Crypt:1  | Entered Level 1 of the Crypt
 46672 | Crypt:1  | Found a huge runed gate.
 46675 | Crypt:1  | Found a huge runed gate.
 46676 | Crypt:1  | Found a huge runed gate.
 46677 | Crypt:1  | Found a huge runed gate.
 46677 | Crypt:1  | Found a huge runed gate.
 46678 | Crypt:1  | Found a huge runed gate.
 46678 | Crypt:1  | Found a huge runed gate.
 46678 | Crypt:1  | Found a huge runed gate.
 46687 | Crypt:1  | Found a huge runed gate.
 46687 | Crypt:1  | Found a huge runed gate.
 46839 | Crypt:1  | Received a gift from Okawaru
 47522 | Crypt:1  | Reached XP level 22. HP: 186/209 MP: 30/30
 47546 | Crypt:1  | Received a gift from Okawaru
 48514 | Snake:3  | Bought a shiny crystal plate armour for 2241 gold pieces
 48909 | Vaults:3 | Paralysed by a great orb of eyes for 7 turns
 49517 | Crypt:3  | Entered Level 3 of the Crypt
 49959 | Crypt:3  | Reached skill level 10 in Invocations
 49965 | Crypt:3  | Reached skill level 21 in Armour
 50311 | Crypt:2  | Paralysed by something for 2 turns
 50501 | Crypt:2  | Noticed Sojobo
 50548 | Crypt:2  | Killed Sojobo
 51075 | Crypt:3  | Received a gift from Okawaru
 51093 | Crypt:3  | Found a staircase to the Tomb.
 51141 | Tomb:1   | Entered Level 1 of the Tomb of the Ancients
 51379 | Tomb:1   | Noticed Khufu
 51384 | Tomb:1   | Noticed a greater mummy
 51397 | Tomb:1   | Killed Khufu
 51415 | Tomb:1   | Killed a greater mummy
 52241 | Crypt:3  | Received a gift from Okawaru
 52269 | Crypt:3  | Reached XP level 23. HP: 187/217 MP: 31/31
 52304 | Crypt:3  | Reached skill level 22 in Armour
 52774 | Crypt:3  | Found an ancient bone altar of Kikubaaqudgha.
 52774 | Crypt:3  | Found a basalt altar of Yredelemnul.
 52774 | Crypt:3  | Noticed a curse toe
 52782 | Crypt:3  | Killed a curse toe
 52808 | Crypt:3  | Got a scorched golden ring
 52964 | Crypt:3  | Received a gift from Okawaru
 53047 | Crypt:3  | Got a spiked scale mail {god gift}
 53067 | Crypt:3  | Identified the +0 scale mail of the Modern Shrikes {MR+ Dex+4} (Okawaru gifted it to you on level 3 of the Crypt)
 53081 | Crypt:3  | Identified the ring "Cuystir" {+Blink Str+2 Stlth+} (You found it on level 3 of the Crypt)
 53806 | Vaults:3 | Paralysed by a great orb of eyes for 3 turns
 53957 | Vaults:4 | Noticed Geppetto's ghost (adept OgGl)
 53980 | Vaults:4 | Killed Geppetto's ghost
 54140 | Vaults:4 | Received a gift from Okawaru
 54144 | Vaults:4 | Reached skill level 23 in Armour
 55163 | Vaults:4 | Reached XP level 24. HP: 217/227 MP: 32/32
 55191 | Vaults:4 | Found Ymicur's Book Shop.
 55274 | Vaults:5 | Entered Level 5 of the Vaults
 55344 | Vaults:4 | Received a gift from Okawaru
 55703 | Vaults:5 | Killed from afar by a titan

Vault maps used:
D:1:      matt_arrival_grand_opening, minmay_tromino_v7
D:2:      lemuel_blue_sif_altar
D:3:      marbit_many_paths, nicolae_overflow_hidden_temple
D:4:      minmay_temple_entry_mist, roderic_lattice_a, uniq_natasha
D:5:      first_bread, minmay_fire_ice_demons, uniq_eustachio
D:6:      kennysheep_boxes
D:8:      nicolae_ru_awakened_eye, overflow_temple_1_default, abandoned_shop,
          grunt_livestock
D:9:      lair_entry_dummy, uniq_maurice
D:11:     lab_entry_generic, serial_shops, nicolae_shop_stone
D:12:     orc_david_3
D:13:     kennysheep_green_arena, trove_entry_hex_spiral, kennysheep_path_1
D:14:     grunt_vaults_entry_fortified, minmay_misc_feat_columns,
          nicolae_alphabet_shops, wad_floor_pattern_1, uniq_roxanne
D:15:     hangedman_depths_entry_civil_slaughter, hangedman_decor_push
Lair:1:   hangedman_lair_unloving_vines
Lair:2:   minmay_snake_entry_guardpost_medium, grunt_megastairs_2,
          minmay_lair_oklob_chamber
Lair:3:   minmay_shoals_entry_centaurs
Lair:5:   minmay_another_anthill
Lair:6:   evilmike_catoblepas_cave, minmay_slime_entry_pillars
Shoals:4: shoals_end_simple, shoals_ilsuiw_alternative
Snake:1:  basic_loot_grate_trap, uniq_aizul, uniq_azrael, uniq_donald,
          uniq_asterion
Snake:2:  serial_shops, nicolae_shop_overgrown_old_shop, uniq_vashnia
Snake:3:  minmay_shoptagon
Snake:4:  grunt_snake_rune_pools, serial_shops, nicolae_shop_waterfront,
          grunt_megastairs_1
Orc:1:    serial_shops, shop, uniq_erolcha
Orc:2:    st_orc_rangers, nicolae_volcano_entry_two_sided, serial_shops,
          shop_fountains, nicolae_orc_crystal_geode
Vaults:1: v_pattern_1, nicolae_vaults_an_arrangement,
          nicolae_vaults_ring_of_whatevers, v_misc_10, nicolae_vaults_alarming,
          v_rooms_1, nicolae_vaults_what_the_h, ontoclasm_vaults_ring_square,
          vaults_room_door_hall, v_misc_22
Vaults:2: v_pattern_2, grunt_vaults_focal, grunt_vaults_hallway_long,
          nicolae_vaults_fighting_squares, dpeg_vaults_monster_box,
          nicolae_vaults_three_branches, ontoclasm_vaults_pinch, v_misc_13,
          grunt_vaults_funnel, v_misc_5, vaults_mumra_minichess_inversion,
          nicolae_vaults_shelves_hall, vaults_room_grid, grunt_vaults_diagonal,
          serial_shops, shop
Vaults:3: nicolae_vaults_rhombus_7, nicolae_vaults_border_crossing,
          hangedman_vaults_cutoff, v_misc_30, minmay_crypt_entry_simple_walls,
          v_misc_10, v_misc_17, nicolae_vaults_little_squares_3,
          nicolae_vaults_display_case, nicolae_vaults_big_ls,
          vaults_room_grunt_arrival_ludios, infiniplex_enter_wizlab_glasses,
          uniq_mara
Vaults:4: v_misc_28, ontoclasm_vaults_tryst, nicolae_vaults_stairing_the_circle,
          v_pattern_3, vaults_standard_mumra_x, hangedman_vaults_nails,
          nicolae_vaults_hallways_thing, ontoclasm_vaults_ring_square,
          st_diamondy, vaults_room_corners, hangedman_vaults_stretched_pinwheel,
          serial_shops, shop_statue
Vaults:5: uniq_boris
Crypt:1:  door_vault
Crypt:2:  evilmike_ambush, uniq_sojobo
Crypt:3:  lightli_unholy_cathedral,
          nicolae_tomb_entry_unfolded_pyramid_diagonal, minicrypt_bobbens
Tomb:1:   uniq_khufu
Depths:1: rand_demon_pan_entry_7, hell_entry, nrook_loot_triangle,
          roderic_cross_of_infinity, spider_trap, minivault_12,
          serial_bayou_shore_a, uniq_nikola, uniq_saint_roka
Lab:      labyrinth_hidden_loot, labyrinth_fake_exit, labyrinth_glass_1,
          lab_block
Volcano:  volcano_pools
WizLab:   wizlab_doroklohe

Skill      XL: |  1  2  3  4  5  6  7  8  9 10 11 12 13 14 15 16 17 18 19 20 21 22 23 24 |
---------------+-------------------------------------------------------------------------+-----
Long Blades    | 3 4 5 6 7 9 11 13 14 15 | 15.8
Fighting       | 6 7 9 12 13 15 17 20 21 22 | 22.2
Shields        | 6 9 14 16 17 18 20 21 | 21.1
Armour         | 6 9 10 13 15 16 17 19 20 21 23 | 23.7
Dodging        | 8 9 14 16 17 18 | 18.2
Invocations    | 5 6 8 9 11 | 11.0
Evocations     | 4 7 10 11 12 13 14 | 14.2
Stealth        | 3 4 |  4.4

Action                   |  1- 3 |  4- 6 |  7- 9 | 10-12 | 13-15 | 16-18 | 19-21 | 22-24 || total
-------------------------+-------+-------+-------+-------+-------+-------+-------+-------++-------
Melee: Long sword        |    86 |   118 |       |    15 |    32 |       |       |       ||   251
       Headbutt          |    17 |    37 |    75 |   178 |   417 |   546 |   669 |   587 ||  2526
       Falchion          |       |    64 |   285 |   489 |       |       |       |       ||   838
       Scimitar          |       |       |       |   176 |    19 |       |       |       ||   195
       Double sword      |       |       |       |       |   818 |  1471 |  1552 |  1530 ||  5371
       Demon blade       |       |       |       |       |   447 |    59 |   237 |       ||   743
Invok: Heroism           |       |       |       |    18 |    13 |    16 |    12 |    16 ||    75
       Finesse           |       |       |       |     3 |     4 |    11 |     7 |     9 ||    34
 Abil: Evoke Berserk Rag |       |       |       |       |       |     1 |       |       ||     1
Evoke: Wand              |       |     1 |     6 |     6 |       |     3 |     2 |       ||    18
       Lightning rod     |       |       |       |       |       |     8 |       |     4 ||    12
       Sack of spiders   |       |       |       |       |       |     1 |       |       ||     1
       Lamp of fire      |       |       |       |       |       |     1 |       |     1 ||     2
  Use: Potion            |       |       |     1 |     3 |     3 |    11 |     4 |     1 ||    23
       Scroll            |       |       |    15 |    11 |    10 |    16 |    18 |     2 ||    72
 Stab: Confused          |       |       |     2 |       |       |       |       |       ||     2
       Invisible         |       |       |       |     1 |       |     9 |       |       ||    10
       Distracted        |       |       |       |       |       |     1 |       |       ||     1
       Held in net/web   |       |       |       |       |       |     1 |       |       ||     1
  Eat: Chunk             |       |     3 |    10 |    12 |    33 |    26 |    22 |     9 ||   115
       Meat ration       |       |     1 |       |     1 |       |       |       |       ||     2
       Fruit             |       |       |     2 |     2 |       |     2 |     5 |       ||    11
       Bread ration      |       |       |       |     2 |     1 |     4 |     1 |     4 ||    12
Armor: Scale mail        |    51 |    82 |    60 |       |       |       |       |       ||   193
       Chain mail        |       |       |    31 |   103 |       |    28 |       |       ||   162
       Storm dragon scal |       |       |       |     1 |   285 |   211 |    32 |       ||   529
       Plate armour      |       |       |       |       |       |       |   194 |    34 ||   228
       Crystal plate arm |       |       |       |       |       |       |       |   501 ||   501
Dodge: Dodged            |    29 |    68 |    42 |    62 |   328 |   331 |   309 |   475 ||  1644
Block: Shield            |    37 |    93 |   150 |   107 |       |       |       |       ||   387
       Reflection        |       |       |     6 |    51 |   101 |   272 |   154 |    74 ||   658
       Large shield      |       |       |       |   361 |  1373 |  2003 |  1977 |  2352 ||  8066
       Rpst.: Long sword |     6 |    15 |       |       |     1 |       |       |       ||    22
       Falchion          |       |     3 |     8 |     7 |       |       |       |       ||    18
       Scimitar          |       |       |       |     2 |       |       |       |       ||     2
       Double sword      |       |       |       |       |    52 |    44 |    49 |    72 ||   217
       Demon blade       |       |       |       |       |     8 |       |     6 |       ||    14
